Map: Triton LE

Players

Mez

  • Race: Terran Terran
  • League: Master
  • Spawn Location: 5:00

Machete - Winner!

  • Race: Protoss Protoss
  • Spawn Location: 11:00

VOD

Have the link to the VOD?

Description

Time

  • Played on: Aug. 24, 2019, 4:42 p.m.
  • Length: 14:21
Show
View Real Time Build Order
Export as new Build Order

Mez Terran 

Build Orders: Reaper Expand 

Get SALT Encoding   

  12  0:01  SCV  
  13  0:13  SCV  
  14  0:17  Supply Depot  
  14  0:25  SCV  
  15  0:39  SCV  
  15  0:40  Barracks  
  16  0:43  Refinery  
  16  0:51  SCV  
  17  1:03  SCV  
  18  1:15  SCV  
  19  1:27  Orbital Command, Reaper  
  20  1:41  Command Center  
  20  1:49  Bunker  
  20  1:57  Supply Depot, SCV  
  20  2:00  Marine  
  22  2:09  SCV  
  23  2:21  Barracks Reactor  
  23  2:28  SCV  
  24  2:39  Command Center  
  24  2:44  SCV  
  24  2:49  Factory  
  24  2:53  Orbital Command  
  24  2:57  Marine x2  
  26  3:00  SCV  
  26  3:02  Refinery  
  27  3:14  Marine  
  27  3:15  Marine, SCV  
  30  3:21  SCV  
  32  3:27  SCV  
  32  3:32  Marine x2  
  32  3:33  SCV  
  32  3:34  Widow Mine  
  37  3:37  Starport  
  37  3:39  SCV  
  38  3:45  SCV  
  38  3:53  Marine x2  
  40  4:02  Widow Mine, SCV x2  
  44  4:07  Orbital Command  
  44  4:14  SCV x2  
  44  4:16  Refinery  
  46  4:17  Starport Tech Lab  
  46  4:18  Marine x2  
  48  4:25  Factory Tech Lab  
  48  4:26  SCV x2  
  48  4:29  Barracks  
  50  4:31  Supply Depot  
  50  4:33  SCV  
  50  4:38  SCV x2  
  51  4:45  Raven, SCV  
  51  4:50  SCV x2  
  56  4:54  Barracks, Marine x2  
  56  4:55  Factory Reactor  
  56  4:57  SCV  
  59  5:02  SCV  
  59  5:03  Supply Depot  
  59  5:05  SCV, Engineering Bay x2  
  61  5:13  Refinery  
  61  5:15  SCV x2  
  61  5:16  Marine x2  
  65  5:24  Stimpack  
  65  5:27  Supply Depot  
  65  5:28  Marauder  
  67  5:38  Orbital Command  
  67  5:39  SCV  
  67  5:40  SCV  
  67  5:42  Marine x2  
  69  5:43  Barracks x2, Factory Reactor  
  71  5:51  SCV  
  72  5:57  Combat Shield  
  72  5:59  Marauder x2  
  72  6:00  SCV, Marine x2  
  72  6:04  SCV  
  79  6:15  SCV  
  79  6:16  SCV x2  
  82  6:28  SCV x2  
  82  6:30  Terran Infantry Armor Level 1, Terran Infantry Weapons Level 1  
  82  6:32  Barracks Tech Lab, Barracks Reactor, Supply Depot  
  84  6:35  SCV  
  84  6:39  Marauder x2, Medivac, Marine x2  
  93  6:54  Widow Mine x2, Marauder, Medivac  
  101  6:56  Ghost Academy  
  101  6:59  Supply Depot  
  101  7:01  Supply Depot  
  101  7:04  Supply Depot x2  
  101  7:07  Refinery x2  
  101  7:15  Supply Depot  
  101  7:16  Supply Depot, SCV x2, Marine x4, Marauder  
  101  7:21  Widow Mine x2, Marauder x2  
  63  7:22  Medivac  
  117  7:23  SCV  
  117  7:24  Medivac  
  117  7:27  Supply Depot  
  117  7:28  SCV x2  
  117  7:29  Supply Depot  
  124  7:35  SCV  
  125  7:37  Ghost  
  125  7:40  SCV x2  
  125  7:42  Ghost x2  
  125  7:43  Marine x3  
  136  7:47  Widow Mine  
  136  7:49  Widow Mine  
  143  8:03  Command Center, Marine x3  
  143  8:06  Medivac x2  
  147  8:18  Barracks  
  147  8:19  Barracks  
  147  8:20  Barracks  
  147  8:21  Supply Depot  
  147  8:37  Armory  
  147  8:46  Marine x2  
  147  8:47  Marauder, Marine  
  144  8:53  Widow Mine x2, Marauder, Marine  
  144  8:54  Marauder  
  136  9:04  Marine  
  118  9:10  Marine  
  118  9:11  Marine x5  
  118  9:14  Marine x2  
  112  9:26  SCV x2  
  112  9:28  Liberator x2  
  112  9:29  Orbital Command  
  79  9:55  Orbital Command  
  79  10:00  Marauder x2, Marine x4  
  87  10:07  Marine  
  88  10:18  Marine  
  89  10:21  Marauder  
  89  10:22  Marauder  
  78  10:39  SCV x2  
  71  10:43  Marauder  
  66  11:08  Orbital Command  
Show
View Real Time Build Order
Export as new Build Order

Machete Protoss - Winner!

Build Orders: 1 Gate Expand, Double Forge, Oracle Opening 

Get SALT Encoding   

  12  0:00  Probe  
  13  0:13  Probe  
  14  0:17  Pylon  
  14  0:24  Probe  
  15  0:32  Probe  
  15  0:37  Gateway  
  15  0:40  Probe  
  16  0:46  Assimilator  
  17  0:51  Probe  
  18  1:03  Probe  
  19  1:15  Probe  
  20  1:27  Probe  
  20  1:30  Nexus  
  21  1:37  Cybernetics Core  
  21  1:45  Probe  
  22  1:48  Assimilator  
  22  1:51  Pylon  
  22  1:58  Probe  
  23  2:03  Adept  
  23  2:09  Pylon  
  23  2:11  Probe  
  26  2:23  Probe  
  26  2:27  Stargate  
  26  2:38  Probe  
  26  2:40  Probe  
  28  2:47  Probe  
  28  2:48  Warp Gate  
  29  2:52  Probe  
  29  2:56  Probe  
  30  3:00  Oracle  
  30  3:01  Adept  
  30  3:05  Probe  
  34  3:09  Probe  
  38  3:18  Probe  
  39  3:21  Probe  
  40  3:27  Oracle  
  40  3:30  Probe  
  40  3:33  Probe  
  45  3:42  Probe  
  46  3:55  Oracle  
  46  3:56  Probe  
  46  3:57  Probe  
  48  4:09  Probe x2  
  53  4:13  Assimilator  
  53  4:14  Nexus, Assimilator  
  53  4:15  Pylon  
  53  4:17  Pylon  
  53  4:21  Probe  
  54  4:27  Twilight Council  
  54  4:33  Probe x2  
  54  4:36  Pylon  
  47  4:45  Probe x2  
  49  4:53  Forge x2  
  49  4:54  Charge  
  49  4:57  Probe x2  
  49  4:59  Protoss Ground Armor Level 1, Protoss Ground Weapons Level 1  
  51  5:03  Gateway  
  51  5:05  Gateway  
  51  5:10  Probe x2  
  53  5:22  Probe x2  
  53  5:23  Sentry  
  57  5:28  Probe  
  57  5:34  Probe  
  60  5:36  Gateway x2  
  59  5:49  Gateway  
  59  5:54  Gateway  
  59  5:55  Gateway  
  59  5:58  Gateway  
  59  6:02  Robotics Facility  
  59  6:06  Zealot x2  
  59  6:07  Zealot  
  59  6:08  Probe x2  
  63  6:23  Pylon  
  63  6:35  Zealot x2  
  63  6:36  Zealot x3  
  73  6:43  Gateway, Pylon  
  73  6:44  Zealot  
  73  6:47  Pylon  
  75  6:50  Zealot x2  
  79  6:58  Zealot x3  
  79  6:59  Zealot x3  
  91  7:05  Nexus  
  91  7:12  Templar Archives  
  91  7:13  Pylon  
  91  7:15  Pylon  
  91  7:17  Pylon  
  91  7:19  Zealot x4  
  91  7:20  Pylon, Zealot  
  91  7:22  Warp Prism  
  101  7:34  Protoss Ground Weapons Level 2  
  101  7:35  Zealot  
  101  7:36  Protoss Ground Armor Level 2  
  105  7:40  Pylon, Zealot x2  
  105  7:43  Pylon  
  109  7:53  Zealot x2  
  114  7:58  Observer  
  114  8:01  Zealot x4  
  122  8:22  Zealot  
  122  8:23  Zealot x8  
  140  8:29  Zealot  
  134  8:52  Zealot x2  
  134  8:53  Zealot  
  134  8:54  Zealot x5  
  134  8:55  Zealot x2  
  144  9:20  High Templar x2  
  144  9:21  Zealot x3, High Templar  
  144  9:22  Zealot x3  
  144  9:23  High Templar  
  121  9:40  Archon x2  
  121  9:42  High Templar x6  
  121  9:43  Probe x3  
  121  9:44  Probe  
  89  9:55  Probe x2  
  89  9:56  Archon x3  
  91  10:01  Zealot x4, Protoss Ground Armor Level 3  
  99  10:19  Zealot, High Templar x2  
  99  10:20  Zealot x3  
  99  10:34  Zealot  
  99  10:35  Zealot x3  
  91  10:36  Archon  
  95  10:42  Zealot  
  95  10:43  Zealot x3  
  85  10:59  Zealot x3  
  85  11:00  Zealot x2  
  85  11:01  High Templar  
  95  11:10  High Templar x2  
  95  11:11  Zealot, High Templar  
  93  11:17  Archon  
  93  11:18  Archon  
  81  11:22  Zealot x3  
  81  11:23  Probe, Zealot x2  
  81  11:24  Probe x3  
  95  11:26  Gateway  
  95  11:29  Gateway  
  95  11:31  Gateway  
  95  11:34  Gateway  
  95  11:36  Probe  
  96  11:45  High Templar  
  96  11:46  Zealot x3, High Templar  
  90  11:47  Zealot x4  
  90  11:52  Archon  
  80  12:03  Zealot  
  80  12:07  Assimilator  
  57  12:09  Assimilator  
  57  12:10  Stalker  
  57  12:11  Stalker x2  
  57  12:13  Stalker x2  
  57  12:15  Probe  
  59  12:21  Probe  
  59  12:22  Probe  
  44  12:44  Stalker  
  44  12:45  Probe, Stalker  
  44  12:46  Probe x3  
  52  12:59  Probe x2  
  54  13:07  Probe  
  54  13:12  High Templar  
  57  13:19  Zealot x2  
  55  13:26  Zealot  
  47  13:35  Zealot x2  
  39  13:42  Zealot  
  39  13:47  Zealot  
  33  13:57  Zealot  
  33  14:00  High Templar x2  
  33  14:04  Archon  
  33  14:07  Probe x3  
Tags
 
Add a new tag
Caveats
  • Supply blocks, unpowered buildings, or Contaminate may cause inaccurate times.
  • Supply counts are checked every 10 seconds.